 Dungeon Crawl Stone Soup version 0.21.1-1-g345015f (webtiles) character file.

89 bobthegiant the Chopper (level 4, -3/41 HPs)
             Began as a Hill Orc Monk on Mar 2, 2018.
             Slain by Mesmaeker13's ghost (10 damage)
             ... on level 3 of the Dungeon.
             The game lasted 00:08:48 (2412 turns).

bobthegiant the Chopper (Hill Orc Monk)             Turns: 2412, Time: 00:08:49

Health: -3/41      AC:  7    Str: 14    XL:     4   Next: 55%
Magic:  4/4        EV: 10    Int: 10    God:
Gold:   62         SH:  0    Dex: 13    Spells: 3/3 levels left

rFire    . . .     SeeInvis .   a - +0 hand axe
rCold    . . .     Gourm    .   (no shield)
rNeg     . . .     Faith    .   f - +0 ring mail
rPois    .         Spirit   .   (no helmet)
rElec    .         Reflect  .   e - +0 cloak
rCorr    .         Harm     .   j - +0 pair of gloves
MR       .....                  (no boots)
Stlth    +.........             (no amulet)
HPRegen  0.13/turn              (no ring)
MPRegen  0.09/turn              (no ring)

@: heavily drained
A: no striking features
a: no special abilities


You were on level 3 of the Dungeon.
You were not hungry.

You visited 1 branch of the dungeon, and saw 3 of its levels.

You collected 62 gold pieces.

Inventory:

Hand Weapons
 a - a +0 hand axe (weapon)
 b - a +0 hunting sling
Missiles
 i - 124 stones (quivered)
Armour
 e - a +0 cloak (worn)
 f - a +0 ring mail (worn)
 j - a +0 pair of gloves (worn)
 q - a +0 robe
Scrolls
 g - a scroll of immolation {unknown}
 h - 2 scrolls of identify {unknown}
 n - a scroll of enchant armour {unknown}
 o - 3 scrolls of blinking {unknown}
 s - a scroll of teleportation {unknown}
 u - 2 scrolls of fog {unknown}
Potions
 d - 2 potions of curing {unknown}
 k - 2 potions of lignification {unknown}
 l - a potion of flight {unknown}
 m - a potion of might {unknown}
 p - 3 potions of magic {unknown}
 r - a potion of cancellation {unknown}
Comestibles
 c - 7 rations
 t - 3 chunks of flesh


   Skills:
 + Level 4.4(2.7) Fighting
 * Level 5.6(3.8) Axes
 + Level 2.0(0.4) Armour
 - Level 2.4(0.8) Dodging
 - Level 1.5(0.0) Stealth


You had 3 spell levels left.
You didn't know any spells.

Dungeon Overview and Level Annotations

Branches:
Dungeon (3/15)

Altars:

Annotations:
D:3 Mesmaeker13's ghost, amateur DgWn


Message History

You slash Mesmaeker13's ghost!
Mesmaeker13's ghost is moderately damaged.
Mesmaeker13's ghost hits you but does no damage.
You feel drained.
You closely miss Mesmaeker13's ghost.
Mesmaeker13's ghost is moderately damaged.
Mesmaeker13's ghost closely misses you.
You completely miss Mesmaeker13's ghost.
Mesmaeker13's ghost is moderately damaged.
Mesmaeker13's ghost barely misses you.
You hit Mesmaeker13's ghost but do no damage.
Mesmaeker13's ghost is moderately damaged.
Mesmaeker13's ghost hits you.
* * * LOW HITPOINT WARNING * * *
You feel drained.
* * * LOW HITPOINT WARNING * * *
You hit Mesmaeker13's ghost but do no damage.
Mesmaeker13's ghost is moderately damaged.
Mesmaeker13's ghost hits you!
You die...

.#
##..##.........#####
.# +..............#
.# ###>#..........#
.# # #...W......# .#
##.........# .#
#.......#### .#
#.#####.# .# #W# ##
.# #@# .# #.# .# #.#
.# #.# .#.##
##########.# ....#
#.......##.# .#.##
#.#####.##.# .###
#.# #....# # #.#
######


You could see Mesmaeker13's ghost.

Vanquished Creatures
  3 adders
  2 oozes
  2 worms
  A leopard gecko (D:1)
  5 bats
  3 giant cockroaches
  5 goblins
  9 hobgoblins
  7 frilled lizards
  4 kobolds
  7 rats
48 creatures vanquished.

Notes
Turn   | Place    | Note
-------+----------+-------------------------------------------
     0 | D:1      | bobthegiant the Hill Orc Monk began the quest for the Orb.
     0 | D:1      | Reached XP level 1. HP: 19/19 MP: 1/1
   512 | D:1      | Reached XP level 2. HP: 27/27 MP: 2/2
   679 | D:1      | Reached skill level 1 in Armour
  1023 | D:1      | Reached XP level 3. HP: 33/33 MP: 3/3
  1429 | D:2      | Reached skill level 5 in Axes
  1877 | D:2      | Reached XP level 4. HP: 40/40 MP: 4/4
  2384 | D:3      | Noticed Mesmaeker13's ghost (amateur DgWn)
  2412 | D:3      | Slain by Mesmaeker13's ghost

Skill      XL: |  1  2  3  4 |
---------------+-------------+-----
Armour         | 1 2 |  2.0
Fighting       | 4 |  4.4
Axes           | 5 |  5.6
Dodging        | |  2.4
Stealth        | |  1.5

Action                   |  1- 3 |  4- 6 || total
-------------------------+-------+-------++-------
Melee: Hand axe          |   134 |    51 ||   185
Throw: Stone             |     1 |     1 ||     2
  Eat: Chunk             |     3 |     2 ||     5
Armor: Robe              |    28 |       ||    28
       Ring mail         |    18 |     8 ||    26
Dodge: Dodged            |    85 |    22 ||   107
